 Dungeon Crawl Stone Soup version 0.29.1-14-g9c671dbff4 (webtiles) character file.

Game seed: 14669679274771396038

819 fleeber the Carver (level 7, -2/56 HPs)
             Began as a Merfolk Gladiator on Feb 19, 2023.
             Was an Initiate of Qazlal.
             Slain by a bullfrog (7 damage)
             ... on level 6 of the Dungeon.
             The game lasted 00:14:13 (5793 turns).

fleeber the Carver (Merfolk Gladiator)              Turns: 5793, Time: 00:14:14

Health: -2/56      AC:  3    Str: 15    XL:     7   Next: 95%
Magic:  7/7        EV: 15    Int:  7    God:    Qazlal [......]
Gold:   210        SH:  0    Dex: 17    Spells: 6/6 levels left

rFire   + . .      SeeInvis .   a - +0 long sword
rCold   . . .      Faith    .   (no shield)
rNeg    . . .      Spirit   .   b - +0 leather armour
rPois   .          Reflect  .   c - +0 helmet
rElec   .          Harm     .   (no cloak)
rCorr   .          Rampage  .   h - +1 pair of gloves
Will    .....                   y - +0 pair of boots
Stlth   +.........              (no amulet)
HPRegen 0.18/turn               i - ring of protection from fire
MPRegen 0.10/turn               (no ring)

@: corroded
A: (nimble swimmer 2), mertail
a: Renounce Religion


You were on level 6 of the Dungeon.
You worshipped Qazlal.
Qazlal was noncommittal.
You visited 2 branches of the dungeon, and saw 7 of its levels.

You collected 246 gold pieces.
You spent 36 gold pieces at shops.

Inventory:

Hand Weapons
 a - a +0 long sword (weapon)
Missiles
 d - 3 throwing nets
 e - 6 javelins (quivered)
 l - 3 silver boomerangs
Armour
 b - a +0 leather armour (worn)
 c - a +0 helmet (worn)
 h - a +1 pair of gloves (worn)
 y - a +0 pair of boots (worn)
Jewellery
 i - a ring of protection from fire (left hand)
Wands
 u - a wand of polymorph (4)
Scrolls
 j - 5 scrolls of teleportation
 k - a scroll of summoning
 m - 2 scrolls of noise {unknown}
 n - 2 scrolls of poison
 p - 4 scrolls of fear
 r - a scroll of enchant weapon {unknown}
 t - a scroll of magic mapping {unknown}
 x - a scroll of immolation {unknown}
 z - a scroll of torment {unknown}
Potions
 f - 2 potions of flight
 g - 3 potions of curing
 o - a potion of attraction {unknown}
 q - 2 potions of degeneration
 s - a potion of haste {unknown}
 v - a potion of magic {unknown}
 w - a potion of invisibility {unknown}


   Skills:
 + Level 5.1 Fighting
 * Level 8.2 Long Blades
 - Level 2.0 Throwing
 + Level 6.9 Dodging


You had 6 spell levels left.
You didn't know any spells.
Your spell library contained the following spells:

 Spells                   Type           Power      Damage    Failure   Level
 Blink                    Tloc           0%         N/A       65%         2
 Ensorcelled Hibernation  Hex/Ice        0%         N/A       65%         2
 Lesser Beckoning         Tloc           0%         N/A       86%         3
 Portal Projectile        Hex/Tloc       0%         N/A       86%         3
 Spider Form              Tmut/Pois      0%         N/A       86%         3
 Tukima's Dance           Hex            0%         N/A       86%         3
 Anguish                  Hex/Necr       0%         N/A       99%         4
 Blade Hands              Tmut           0%         N/A       100%        5
 Irradiate                Conj/Tmut      0%         3d11      100%        5
 Manifold Assault         Tloc           0%         N/A       100%        5
 Dragon Form              Tmut           0%         N/A       100%        7


Dungeon Overview and Level Annotations

Branches:
Dungeon (6/15)             Temple (1/1) D:5

Altars:
Ashenzari
Cheibriados
Elyvilon
Fedhas
Gozag
Kikubaaqudgha
Makhleb
Nemelex Xobeh
Okawaru
Qazlal
Trog
Uskayaw
Vehumet
Wu Jian
Xom
Yredelemnul

Shops:
D:2 !   D:4 =

Annotations:
D:5 exclusion: downstairs


Innate Abilities, Weirdness & Mutations

((You are very nimble when in or above water. (Stealth+, EV+, Speed+++)))
Your lower body shifts to a powerful aquatic tail in water.


Message History

The acid dragon roars!
There is a stone staircase leading up here.
Aiming: Polymorph
Press: ? - help, Shift-Dir - straight line, f - acid dragon
Aim: an acid dragon (will become a fire bat, a rime drake, or a wyvern, chance to affect: 49%)
Okay, then.
Okay, then.
The bullfrog croaks.
The acid dragon spits acid at you. The splash of acid hits you!!
You closely miss the acid dragon. The acid dragon misses you.
The acid dragon claws you.
You hit the acid dragon but do no damage.
The bullfrog misses you. The acid dragon closely misses you.
The acid dragon claws you but does no damage.
The bullfrog completely misses you.
You hit the acid dragon but do no damage.
The bullfrog barely misses you. The acid dragon bites you.
The acid dragon claws you but does no damage.
You slash the acid dragon!
The acid dragon is moderately wounded.
The bullfrog hits you. The acid dragon barely misses you.
The acid dragon closely misses you. The bullfrog closely misses you.
You hit the acid dragon but do no damage.
The acid dragon is moderately wounded.
The bullfrog hits you. The acid dragon spits acid at you.
The splash of acid hits you!!
* * * LOW HITPOINT WARNING * * *
The acid corrodes you!
You hear a bark!
You feel better. The bullfrog barely misses you.
The acid dragon barely misses you. The acid dragon claws you.
* * * LOW HITPOINT WARNING * * *
The bullfrog hits you.
* * * LOW HITPOINT WARNING * * *
You hit the acid dragon.
The acid dragon is moderately wounded.
The bullfrog hits you!
You die...

#>#..###...
##.#..#
###.....#
.......##
###..#...#
#........#
#......###.#
#.FD.....# #..@#
#####...####..#
........<.......
###############.


You could see an acid dragon (catching breath) and a bullfrog.

Vanquished Creatures
  A centaur (D:4)
  2 necrophages
  3 scorpions (D:5)
  A howler monkey (D:6)
  An orc priest (D:4)
  A jelly (D:5)
  3 iguanas
  3 orc wizards
  8 adders
  A white imp (D:5)
  3 worms
  A dart slug (D:4)
  16 orcs
  7 ball pythons
  5 endoplasms
  3 giant cockroaches
  8 goblins
  6 hobgoblins
  10 jackals
  5 kobolds
  3 quokkas
  5 bats
  4 frilled lizards
  4 rats
104 creatures vanquished.

Notes
Turn   | Place    | Note
-------+----------+-------------------------------------------
     0 | D:1      | fleeber the Merfolk Gladiator began the quest for the Orb.
     0 | D:1      | Reached XP level 1. HP: 16/16 MP: 1/1
   136 | D:1      | Reached XP level 2. HP: 17/23 MP: 2/2
   143 | D:1      | Reached skill level 4 in Long Blades
   468 | D:1      | Reached XP level 3. HP: 28/28 MP: 3/3
   842 | D:2      | Reached XP level 4. HP: 34/34 MP: 4/4
  1219 | D:2      | Found Qynwojau's Distillery.
  1225 | D:2      | Bought a potion of curing for 36 gold pieces
  1424 | D:3      | Reached skill level 5 in Long Blades
  1504 | D:3      | Found a faded altar of an unknown god.
  1513 | D:3      | Found a hide-covered altar of Uskayaw.
  2395 | D:4      | Reached skill level 5 in Dodging
  2578 | D:4      | Reached XP level 5. HP: 35/41 MP: 5/5
  2859 | D:4      | Reached skill level 6 in Long Blades
  2859 | D:4      | Reached XP level 6. HP: 46/48 MP: 6/6
  2953 | D:4      | Found Faxtiyj's Jewellery Shop.
  3266 | D:4      | Noticed Edmund
  3267 | D:4      | Noticed Edmund
  3267 | D:4      | Edmund changed into Edmund the dart slug
  3274 | D:4      | Killed Edmund the dart slug
  3871 | D:5      | Entered Level 5 of the Dungeon
  4176 | D:5      | Reached skill level 7 in Long Blades
  4176 | D:5      | Reached XP level 7. HP: 52/55 MP: 7/7
  4241 | D:5      | Found a staircase to the Ecumenical Temple.
  5581 | Temple   | Entered the Ecumenical Temple
  5585 | Temple   | Became a worshipper of Qazlal Stormbringer
  5625 | D:6      | Noticed a steam dragon
  5626 | D:6      | a steam dragon changed into an acid dragon
  5688 | D:6      | Reached skill level 5 in Fighting
  5694 | D:6      | Reached skill level 8 in Long Blades
  5791 | D:6      | HP: 1/56 [acid dragon/splash of acid (18)]
  5793 | D:6      | Slain by a bullfrog

Illustrated notes

Levels and vault maps discovered:
D:1:      roderic_crossed_star, layout_basic
D:2:      layout_basic, serial_shops,
          nicolae_shop_temple_entry_statues_fountains,
          hangedman_abyss_or_decor_lesser_grid, minmay_tetromino_t4
D:3:      layout_basic, nicolae_overflow_ecumenical_swirl,
          kennysheep_generic_room_3
D:4:      layout_basic, serial_curves, eino_curves_02, eino_curves_01,
          eino_curves_04, eino_curves_03, serial_shops, shop, uniq_edmund
D:5:      layout_cave_pods, minmay_temple_entry_wispy, minmay_holes
D:6:      layout_basic, mainiacjoe_overflow_chevrons,
          grunt_dithmenos_smoke_and_mirrors, chequers_serial_rivers_large_b,
          minmay_bent
Temple:   hellmonk_temple_two_chambers

Skill      XL: |  1  2  3  4  5  6  7 |
---------------+----------------------+-----
Long Blades    | 4 5 6 7 8 |  8.2
Fighting       | 3 4 5 |  5.1
Dodging        | 5 6 |  6.9
Throwing       | |  2.0

Action                   |  1- 3 |  4- 6 |  7- 9 || total
-------------------------+-------+-------+-------++-------
Melee: Long sword        |    70 |   153 |   108 ||   331
       Punch             |       |     3 |     1 ||     4
Evoke: Wand              |       |     1 |     2 ||     3
  Use: Scroll            |       |     5 |     2 ||     7
       Potion            |       |       |     1 ||     1
 Stab: Sleeping          |     2 |     1 |       ||     3
Armor: Leather armour    |    22 |    42 |    36 ||   100
Dodge: Dodged            |    55 |   107 |   103 ||   265
